[Event "Titled Tuesday Blitz March 14 Late 2023"]
[White "Szente Varga, Fruzsina"]
[Black "Priasmoro, Novendra"]
[WhiteFideId "712264"]
[BlackFideId "7105029"]
[WhiteElo "1994"]
[BlackElo "2412"]
[Result "0-1"]
[Round "09"]
[TimeControl "180+2"]
[Date "2023.03.14"]
[WhiteClock "0:00:11"]
[BlackClock "0:01:18"]

1. e4 c5 2. Nf3 Nc6 3. Bb5 g6 4. Nc3 Bg7 5. O-O e5 6. d3 Nge7 7. Bg5 h6 8. Bxc6 hxg5 9. Ba4 g4 10. Ng5 a6 11. Bb3 d5 12. exd5 Nf5 13. Nce4 Nd4 14. f4 f5 15. Nxc5 exf4 16. Re1+ Kf8 17. Nge6+ Nxe6 18. Nxe6+ Bxe6 19. Rxe6 Bd4+ 20. Kf1 Rxh2 21. Re1 f3 22. gxf3 Rf2+ 23. Kg1 Qh4 0-1


[Site "https://www.chess.com"]

[Event "Titled Tuesday Blitz March 14 Late 2023"]
[White "Garrido Dominguez, Jesus"]
[Black "Ashraf, Artin"]
[WhiteFideId "2254174"]
[BlackFideId "22514805"]
[WhiteElo "2385"]
[BlackElo "2188"]
[Result "1-0"]
[Round "09"]
[TimeControl "180+2"]
[Date "2023.03.14"]
[WhiteClock "0:00:28"]
[BlackClock "0:00:02"]

1. e4 c5 2. Nf3 d6 3. d4 cxd4 4. Nxd4 Nf6 5. Nc3 a6 6. g3 e5 7. Nf3 Be7 8. Bg5 Be6 9. Bxf6 Bxf6 10. Nd2 Be7 11. Nc4 O-O 12. Ne3 Nd7 13. Bg2 Nf6 14. O-O Qb6 15. b3 Rac8 16. Ncd5 Bxd5 17. exd5 Rc3 18. Qd2 Rfc8 19. Nc4 Qd4 20. Qxd4 exd4 21. Rfe1 Kf8 22. Red1 Nd7 23. Bh3 Rc7 24. Bxd7 Rxd7 25. Rd2 Bf6 26. Re1 g6 27. a4 b5 28. axb5 axb5 29. Na5 Rc5 30. Nc6 Rxd5 31. Nb4 Rc5 32. Ree2 Ra7 33. Kg2 Ra1 34. h4 h5 35. Nd3 Rc3 36. Nf4 Be5 37. Nd5 Rc5 38. Nb4 Bf6 39. Nd3 Rc6 40. Nb4 Rc8 41. f4 Re8 42. Rxe8+ Kxe8 43. Nd5 Bd8 44. Rxd4 Kd7 45. Rd2 Ra2 46. Nc3 Ba5 47. Rxd6+ Kxd6 48. Nxa2 Bd2 49. Kf3 Kd5 50. c3 f6 51. Ke2 Ke4 52. Kxd2 Kf3 53. c4 1-0


[Site "https://www.chess.com"]

[Event "Titled Tuesday Blitz March 14 Late 2023"]
[White "Yuan, Qingyu"]
[Black "Klose, Eli"]
[WhiteFideId "8609772"]
[BlackFideId "16242955"]
[WhiteElo "2359"]
[BlackElo "2620"]
[Result "1-0"]
[Round "09"]
[TimeControl "180+2"]
[Date "2023.03.14"]
[WhiteClock "0:00:09"]
[BlackClock "0:00:11"]

1. e4 e6 2. d4 d5 3. Nd2 Be7 4. Bd3 c5 5. dxc5 Nf6 6. Qe2 Nc6 7. Ngf3 Nb4 8. O-O Nxd3 9. cxd3 Bxc5 10. e5 Nd7 11. Nb3 Be7 12. Nfd4 O-O 13. f4 g6 14. Be3 Nc5 15. Rfc1 Nxb3 16. axb3 Bd7 17. Qd2 a6 18. b4 Rc8 19. Nb3 Rxc1+ 20. Rxc1 Bc6 21. Bd4 Qb8 22. Bc5 Qd8 23. Nd4 Bd7 24. Bxe7 Qxe7 25. Rc7 Rc8 26. Rxb7 Qe8 27. h3 Bb5 28. Kh2 h5 29. Nb3 Rc6 30. Qe3 Rc2 31. Qa7 Kg7 32. Rb8 Qd7 33. Rb7 Qe8 34. Nd4 Bxd3 35. Nxc2 Bxc2 36. Qc5 Be4 37. Qe7 Qxe7 38. Rxe7 Bd3 39. Kg1 Bb5 40. Kf2 d4 41. Rc7 h4 42. Kf3 d3 43. Ke3 g5 44. fxg5 Kg6 45. Re7 Bc4 46. Rd7 Bb5 47. Rc7 Kg7 48. b3 Kg6 49. Rb7 Kg7 50. Rb8 Kg6 51. Rb7 Kg7 52. Ra7 Kg6 53. Re7 Kg7 54. Kd2 Kg6 55. Rc7 Kg7 56. Rb7 Kg6 57. Ra7 Kg7 58. Ra8 Kg6 59. Rg8+ Kf5 60. Rh8 Kxg5 61. Rh7 Kg6 62. Rxh4 Kf5 63. Rh5+ Kf4 64. Rh7 Kxe5 65. Rxf7 Kd4 66. h4 e5 67. h5 e4 68. Re7 Bc6 69. h6 Bd5 70. h7 Be6 71. Rxe6 e3+ 72. Rxe3 Kd5 73. h8=Q Kc6 74. Qe5 Kb6 75. Qc5+ Kb7 76. Re7+ Ka8 77. Qa7# 1-0


[Site "https://www.chess.com"]

[Event "Titled Tuesday Blitz March 14 Late 2023"]
[White "Costachi, Mihnea"]
[Black "Nazaretyan, Tigran"]
[WhiteFideId "1217518"]
[BlackFideId "24162345"]
[WhiteElo "2456"]
[BlackElo "2111"]
[Result "1-0"]
[Round "09"]
[TimeControl "180+2"]
[Date "2023.03.14"]
[WhiteClock "0:02:16"]
[BlackClock "0:01:18"]

1. Nc3 e5 2. e4 Bc5 3. Bc4 Nc6 4. d3 d6 5. f4 Bxg1 6. Rxg1 Qh4+ 7. Kf1 Bg4 8. Qe1 Qxh2 9. Nd5 O-O-O 10. Be3 f5 11. b4 fxe4 12. b5 Nd4 13. Bxd4 exd4 14. Qa5 Kd7 15. Qxc7+ Ke8 16. Nf6+ Nxf6 17. Qf7# 1-0


[Site "https://www.chess.com"]

[Event "Titled Tuesday Blitz March 14 Late 2023"]
[White "Harvey, Marcus R"]
[Black "Mirimanian, Hayk"]
[WhiteFideId "400092"]
[BlackFideId "4700180"]
[WhiteElo "2457"]
[BlackElo "2280"]
[Result "1-0"]
[Round "09"]
[TimeControl "180+2"]
[Date "2023.03.14"]
[WhiteClock "0:02:17"]
[BlackClock "0:00:28"]

1. c4 e6 2. g3 Nf6 3. Bg2 d5 4. Nf3 dxc4 5. Qa4+ Nbd7 6. Qxc4 c5 7. d3 b6 8. Nd4 Ne5 9. Nc6 Nxc6 10. Bxc6+ Bd7 11. Bxa8 Qxa8 12. f3 h5 13. Bg5 Nd5 14. Nc3 f6 15. Bd2 h4 16. gxh4 Nb4 17. O-O-O Nc6 18. Kb1 Ne5 19. Qf4 Bd6 20. Ne4 Be7 21. Bc3 Nc6 22. Rdg1 Kf8 23. Rxg7 Kxg7 24. Bxf6+ Kh7 25. Ng5+ Kg6 26. Bxe7 Nxe7 27. Qf7+ Kh6 28. Qxe7 Qd5 29. Qf6+ Kh5 30. Qxh8+ 1-0


[Site "https://www.chess.com"]

[Event "Titled Tuesday Blitz March 14 Late 2023"]
[White "Jaskolka, Tomasz"]
[Black "Preotu, Razvan"]
[WhiteFideId "1170791"]
[BlackFideId "2613280"]
[WhiteElo "2155"]
[BlackElo "2407"]
[Result "1-0"]
[Round "09"]
[TimeControl "180+2"]
[Date "2023.03.14"]
[WhiteClock "0:00:16"]
[BlackClock "0:00:02"]

1. d4 Nf6 2. Bf4 d5 3. e3 c5 4. c3 Nc6 5. Nd2 Bf5 6. Ngf3 Qb6 7. Nh4 Bd7 8. Qb3 e6 9. Nhf3 Nh5 10. Bg3 Nxg3 11. hxg3 g6 12. Be2 Bg7 13. dxc5 Qxc5 14. e4 O-O 15. Qxb7 Rfd8 16. Nb3 Qe7 17. exd5 exd5 18. Kf1 a5 19. Re1 Qd6 20. Qb6 a4 21. Nbd4 Rdb8 22. Nb5 Qe7 23. Qc7 Rc8 24. Qd6 Qxd6 25. Nxd6 Rcb8 26. Ng5 Rxb2 27. Bf3 1-0


[Site "https://www.chess.com"]

[Event "Titled Tuesday Blitz March 14 Late 2023"]
[White "Janaszak, Dawid"]
[Black "Bilych, Olexiy"]
[WhiteFideId "1119206"]
[BlackFideId "14156504"]
[WhiteElo "2220"]
[BlackElo "2320"]
[Result "0-1"]
[Round "09"]
[TimeControl "180+2"]
[Date "2023.03.14"]
[WhiteClock "0:00:06"]
[BlackClock "0:00:41"]

1. e4 c5 2. Nc3 Nc6 3. Bb5 Nd4 4. Nf3 a6 5. Bd3 Nc6 6. O-O e6 7. b3 g6 8. Bb2 Bg7 9. Re1 Nge7 10. e5 d5 11. exd6 Nf5 12. Bxf5 gxf5 13. Na4 Bxb2 14. Nxb2 Qxd6 15. Nc4 Qc7 16. d4 b5 17. Nce5 Nxe5 18. Nxe5 O-O 19. Qf3 Ra7 20. Rad1 cxd4 21. Rxd4 Qxc2 22. Rh4 f6 23. Nc6 Rg7 24. Nd4 Qd2 25. Rd1 Qg5 26. Rh5 Qg4 27. Qxg4 Rxg4 28. f3 Rg7 29. Rc1 Bd7 30. Rc7 Rc8 31. Rxc8+ Bxc8 32. Kf2 Rc7 33. g4 f4 34. g5 e5 35. Ne2 f5 36. Rh6 Rc2 37. Ke1 Bb7 38. Kd1 Rxa2 39. Nc3 Bxf3+ 40. Kc1 Rg2 41. h4 e4 42. Re6 e3 43. b4 Be4 44. Nxe4 fxe4 45. Rxe4 f3 0-1


[Site "https://www.chess.com"]

[Event "Titled Tuesday Blitz March 14 Late 2023"]
[White "Fus, Jakub"]
[Black "TimGrutter03"]
[WhiteFideId "1193023"]
[WhiteElo "2335"]
[BlackElo "2520"]
[Result "0-1"]
[Round "09"]
[TimeControl "180+2"]
[Date "2023.03.14"]
[WhiteClock "0:00:17"]
[BlackClock "0:00:02"]

1. e4 g6 2. d4 Bg7 3. Nf3 d6 4. Bc4 c6 5. Bb3 a5 6. a4 Nf6 7. Qe2 O-O 8. O-O Bg4 9. Nbd2 e5 10. dxe5 dxe5 11. h3 Bxf3 12. Nxf3 Nbd7 13. Rd1 Qe7 14. Bg5 h6 15. Bh4 g5 16. Bg3 Nh5 17. Nh2 Nf4 18. Qc4 Nc5 19. Ng4 Nxb3 20. Qxb3 Rad8 21. Ne3 Ne2+ 22. Kh2 Nd4 23. Qc4 h5 24. Kh1 Qe6 25. Qc5 g4 26. c3 Nb3 27. Qb6 Rxd1+ 28. Rxd1 gxh3 29. Rd8 hxg2+ 30. Kxg2 h4 31. Bxh4 Qg6+ 32. Kf1 Qxe4 33. Rxf8+ Bxf8 34. Qxb3 Qxh4 35. Qxb7 Qxa4 36. Qd7 Qe4 37. Ke2 Bh6 38. Qg4+ Qxg4+ 39. Nxg4 Bf4 40. Nf6+ Kg7 41. Nd7 f5 42. b3 Kf7 43. Nb8 c5 44. c4 e4 45. Nd7 Bd6 46. Nb6 Ke6 47. Nd5 Ke5 48. Ke3 Bf8 49. Kd2 Bh6+ 50. Kc2 f4 51. Kd2 Kd4 52. Ke2 f3+ 53. Kd1 Kd3 54. Nf6 e3 55. fxe3 f2 0-1


[Site "https://www.chess.com"]

[Event "Titled Tuesday Blitz March 14 Late 2023"]
[White "Manelyuk, Daniil"]
[Black "Quinones Garcia, Santiago"]
[WhiteFideId "44173920"]
[BlackFideId "4408497"]
[WhiteElo "2259"]
[BlackElo "2263"]
[Result "1/2-1/2"]
[Round "09"]
[TimeControl "180+2"]
[Date "2023.03.14"]
[WhiteClock "0:00:11"]
[BlackClock "0:00:02"]

1. e4 e5 2. Nf3 Nc6 3. Bb5 a6 4. Ba4 Nf6 5. O-O Be7 6. Re1 b5 7. Bb3 O-O 8. d4 exd4 9. e5 Ne8 10. c3 d5 11. cxd4 Bg4 12. Be3 Na5 13. Bc2 f5 14. h3 Bh5 15. Nc3 Nc4 16. Bc1 c6 17. b3 Nb6 18. Ne2 Bxf3 19. gxf3 Nc7 20. Nf4 Bg5 21. Ng2 Ne6 22. f4 Be7 23. Be3 Qe8 24. Rc1 Ba3 25. Rb1 Rd8 26. Bd3 c5 27. dxc5 d4 28. cxb6 dxe3 29. Rxe3 Bc5 30. Rg3 Bxb6 31. b4 Rd4 32. Qb3 Kh8 33. Rc1 Nxf4 34. Nxf4 Rxf4 35. Rg2 Qxe5 36. Qf7 Rg8 37. Rf1 Rf3 38. Bc2 Rxf2 39. Rfxf2 Qe1+ 40. Kh2 Bxf2 41. Bb3 Qe5+ 42. Kh1 Qe1+ 43. Kh2 Qe5+ 44. Kh1 Qe1+ 45. Kh2 1/2-1/2


[Site "https://www.chess.com"]

[Event "Titled Tuesday Blitz March 14 Late 2023"]
[White "Diaz Perez, Michel Alejandro"]
[Black "Dinu, Dumitru-Daniel"]
[WhiteFideId "3517179"]
[BlackFideId "1208403"]
[WhiteElo "2333"]
[BlackElo "2240"]
[Result "1-0"]
[Round "09"]
[TimeControl "180+2"]
[Date "2023.03.14"]
[WhiteClock "0:00:52"]
[BlackClock "0:00:07"]

1. Nf3 Nf6 2. c4 e6 3. e3 b6 4. a3 Bb7 5. Qc2 Be7 6. b3 O-O 7. Bb2 c5 8. Bd3 h6 9. Be2 Nc6 10. O-O Rc8 11. Nc3 d5 12. d3 Qd7 13. Rfe1 Rfd8 14. Bf1 d4 15. exd4 Nxd4 16. Nxd4 cxd4 17. Ne2 e5 18. Ng3 Bd6 19. Re2 e4 20. Ree1 Bxg3 21. hxg3 Re8 22. dxe4 Bxe4 23. Qd2 Rcd8 24. Rad1 Bg6 25. Rxe8+ Qxe8 26. Bxd4 Bh5 27. f3 Ne4 28. Qe1 Rd6 29. g4 Qd8 30. Qxe4 Bg6 31. Qe3 Bc2 32. Rd2 Bxb3 33. Bc3 Rxd2 34. Bxd2 Ba4 35. Bc3 Qd1 36. g5 hxg5 37. Qxg5 g6 38. Qh6 1-0


[Site "https://www.chess.com"]

[Event "Titled Tuesday Blitz March 14 Late 2023"]
[White "Fiorito, Francisco"]
[Black "Mazurkiewicz, Michal"]
[WhiteFideId "180165"]
[BlackFideId "1124943"]
[WhiteElo "2341"]
[BlackElo "2054"]
[Result "0-1"]
[Round "09"]
[TimeControl "180+2"]
[Date "2023.03.14"]
[WhiteClock "0:00:44"]
[BlackClock "0:00:28"]

1. d4 Nf6 2. Nc3 d5 3. Bf4 c6 4. e3 Qb6 5. Na4 Qa5+ 6. c3 e6 7. Nf3 b5 8. Nc5 Bxc5 9. dxc5 Nbd7 10. b4 Qa3 11. Qb3 Qxb3 12. axb3 Nh5 13. Bd6 Nhf6 14. Nd4 Bb7 15. f3 Kd8 16. Bd3 g6 17. f4 Ne8 18. Be5 f6 19. Nxe6+ Ke7 20. Nc7 fxe5 21. Nxa8 Bxa8 22. Rxa7 e4 23. Bxb5 cxb5 24. Rxa8 Rf8 25. Ke2 Nc7 26. Ra7 Rc8 27. Rha1 Nb8 28. Rb7 Nc6 29. Ra6 Kd7 30. Rab6 Ra8 31. Kf2 Ra2+ 32. Kg3 Re2 33. Rxb5 Rxe3+ 34. Kf2 Rxc3 35. R5b6 e3+ 36. Kg3 e2+ 37. Kf2 Re3 38. Ke1 Nd4 39. c6+ Kd6 0-1


[Site "https://www.chess.com"]

[Event "Titled Tuesday Blitz March 14 Late 2023"]
[White "Mendonca, Leon Luke"]
[Black "Karas, Marek"]
[WhiteFideId "35028561"]
[BlackFideId "14928558"]
[WhiteElo "2464"]
[BlackElo "2233"]
[Result "1/2-1/2"]
[Round "09"]
[TimeControl "180+2"]
[Date "2023.03.14"]
[WhiteClock "0:00:05"]
[BlackClock "0:00:09"]

1. e4 e6 2. d3 d5 3. Nd2 Nf6 4. Ngf3 c5 5. g3 Nc6 6. Bg2 Be7 7. O-O O-O 8. Re1 b5 9. h4 Bb7 10. e5 Nd7 11. Nf1 Qb6 12. N1h2 Rfc8 13. h5 h6 14. Ng4 Bf8 15. Bf4 a5 16. Qd2 Qd8 17. Ngh2 Nd4 18. g4 Nxf3+ 19. Nxf3 d4 20. g5 hxg5 21. Nxg5 Bxg2 22. Kxg2 c4 23. Qe2 cxd3 24. cxd3 Nc5 25. Qf3 Qd5 26. Qxd5 exd5 27. Red1 Ne6 28. Nxe6 fxe6 29. Rac1 Kf7 30. Kg3 a4 31. Kg4 a3 32. b3 Bb4 33. Kf3 Rc3 34. Ke2 Rac8 35. Rxc3 dxc3 36. d4 Be7 37. Kd3 b4 38. Rh1 Rh8 39. Rh3 Rh7 40. Be3 Ke8 41. Ke2 g6 42. h6 g5 43. f4 g4 44. Rh5 Kf7 45. f5 exf5 46. Rxf5+ Kg6 47. Rf4 Kh5 48. Rf1 Kg6 49. Rf4 Kh5 50. Rf1 Kg6 51. Rg1 Kh5 52. Rh1+ Kg6 53. Kd3 Bg5 54. Bxg5 Kxg5 55. e6 Kf6 56. Rh4 Kxe6 57. Rxg4 Rxh6 58. Rg2 Rh1 59. Re2+ Kd6 60. Rg2 Rd1+ 61. Ke3 Rb1 62. Kd3 Rb2 63. Rg6+ Ke7 64. Rg7+ Kf6 65. Rb7 c2 66. Kd2 Kf5 67. Rxb4 Ke4 68. Ra4 Rxa2 69. b4 Rb2 70. Rxa3 Kxd4 71. Kc1 Rxb4 72. Kxc2 Ke4 73. Kd2 d4 74. Kc2 Rc4+ 75. Kd2 Rc5 76. Rh3 Rf5 77. Rh4+ Kd5 78. Kd3 Rf3+ 79. Ke2 Re3+ 80. Kd2 Kc4 81. Rh8 Rd3+ 82. Kc2 Rc3+ 83. Kd2 Ra3 84. Rc8+ Kd5 85. Rd8+ Kc4 86. Rc8+ Kd5 87. Rd8+ Kc4 88. Rc8+ 1/2-1/2


[Site "https://www.chess.com"]

[Event "Titled Tuesday Blitz March 14 Late 2023"]
[White "Pakleza, Zbigniew"]
[Black "Gasparyan, David"]
[WhiteFideId "1119290"]
[BlackFideId "13311980"]
[WhiteElo "2410"]
[BlackElo "2504"]
[Result "1-0"]
[Round "09"]
[TimeControl "180+2"]
[Date "2023.03.14"]
[WhiteClock "0:00:07"]
[BlackClock "0:00:01"]

1. d4 d6 2. Nf3 Bg4 3. Bf4 Nd7 4. Nbd2 g6 5. h3 Bxf3 6. Nxf3 Bg7 7. e3 e5 8. Bh2 Ne7 9. Be2 O-O 10. O-O h6 11. c3 Kh7 12. a4 f5 13. Qb3 Rb8 14. dxe5 dxe5 15. Rfd1 Nc6 16. Bb5 Nc5 17. Qc4 Qe7 18. b4 Ne4 19. Bxc6 bxc6 20. Qxc6 Rfd8 21. Rac1 Rb6 22. Qc4 Rbd6 23. Rf1 Rd3 24. a5 R8d5 25. Nd4 Rd2 26. Qxd5 exd4 27. cxd4 Nxf2 28. Rxf2 Qxe3 29. Qf3 Qxd4 30. Rf1 Rd3 31. Qc6 1-0


[Site "https://www.chess.com"]

[Event "Titled Tuesday Blitz March 14 Late 2023"]
[White "Piesik, Piotr"]
[Black "Sokolin, Leonid"]
[WhiteFideId "1136194"]
[BlackFideId "2009161"]
[WhiteElo "2311"]
[BlackElo "2394"]
[Result "1-0"]
[Round "09"]
[TimeControl "180+2"]
[Date "2023.03.14"]
[WhiteClock "0:00:39"]
[BlackClock "0:00:04"]

1. Nf3 Nf6 2. g3 e6 3. Bg2 d5 4. O-O Be7 5. d3 c5 6. Nbd2 Nc6 7. e4 O-O 8. Re1 Qc7 9. c3 Rd8 10. e5 Nd7 11. Qe2 b5 12. h4 b4 13. c4 dxc4 14. dxc4 Bb7 15. h5 h6 16. b3 a5 17. Bb2 a4 18. Nf1 a3 19. Bc1 Nd4 20. Nxd4 cxd4 21. Bxb7 Qxb7 22. Bf4 Nc5 23. Rad1 Rd7 24. Qg4 Kh7 25. Nd2 Nd3 26. Re4 Nb2 27. Rb1 d3 28. Qf3 Rad8 29. Be3 f5 30. exf6 Bxf6 31. Kg2 e5 32. Re1 Rf8 33. Qg4 Kh8 34. Kg1 Rdf7 35. Qg6 Qd7 36. Rg4 Be7 37. Ne4 Qf5 38. Bd2 Qxg6 39. hxg6 Rf5 40. Bxh6 Rd8 41. Bd2 Rd4 42. Kg2 Kg8 43. Be3 Rd7 44. Rh1 Rc7 45. Nd2 Rd7 46. Re4 Bf6 47. g4 1-0


[Site "https://www.chess.com"]

[Event "Titled Tuesday Blitz March 14 Late 2023"]
[White "Sonnenschein, Philipp"]
[Black "Cuenca Jimenez, Jose Fernando"]
[WhiteFideId "16250877"]
[BlackFideId "2255570"]
[WhiteElo "2224"]
[BlackElo "2429"]
[Result "1-0"]
[Round "09"]
[TimeControl "180+2"]
[Date "2023.03.14"]
[WhiteClock "0:00:13"]
[BlackClock "0:00:02"]

1. d4 Nf6 2. c4 g6 3. Nf3 Bg7 4. g3 O-O 5. Bg2 d6 6. O-O Nc6 7. Nc3 a6 8. b3 Rb8 9. d5 Na5 10. Bg5 c5 11. dxc6 Nxc6 12. Rc1 Bf5 13. Nh4 Be6 14. e4 h6 15. Be3 Qd7 16. Nd5 Kh7 17. f4 Ng4 18. Bb6 f5 19. Qd3 Nf6 20. exf5 gxf5 21. Ne3 Ne8 22. Bh3 Kg8 23. Bxf5 Bxf5 24. Nhxf5 e6 25. Nxg7 Kxg7 26. Ng4 Ne7 27. Bd4+ e5 28. Nxe5 1-0


[Site "https://www.chess.com"]

[Event "Titled Tuesday Blitz March 14 Late 2023"]
[White "Sanchez Alvares, Kelvin Antonio"]
[Black "Weetik, Vjacheslav"]
[WhiteFideId "3906680"]
[BlackFideId "4153472"]
[WhiteElo "2217"]
[BlackElo "2469"]
[Result "1/2-1/2"]
[Round "09"]
[TimeControl "180+2"]
[Date "2023.03.14"]
[WhiteClock "0:00:41"]
[BlackClock "0:00:05"]

1. e4 e5 2. Nf3 Nc6 3. Bb5 a6 4. Ba4 Nf6 5. O-O Be7 6. Re1 b5 7. Bb3 O-O 8. a4 Rb8 9. axb5 axb5 10. d3 d6 11. h3 Be6 12. Nbd2 h6 13. Bxe6 fxe6 14. c3 Qe8 15. Nf1 b4 16. Ng3 bxc3 17. bxc3 Nh5 18. Nxh5 Qxh5 19. Nh2 Qf7 20. Re2 d5 21. exd5 exd5 22. Nf3 Bd6 23. Ba3 Qg6 24. Nh2 Bxa3 25. Rxa3 e4 26. dxe4 dxe4 27. Qd5+ Kh8 28. Qxe4 Rb1+ 29. Nf1 Qxe4 30. Rxe4 Rd8 31. Ra6 Nb8 32. Ra8 Kh7 33. Rd4 Re8 34. g4 Ree1 35. Kg2 Rxf1 36. Rxb8 Rg1+ 37. Kh2 Rh1+ 38. Kg2 Rhg1+ 39. Kh2 Rh1+ 40. Kg2 Rbg1+ 41. Kf3 Rxh3+ 42. Ke2 Rxc3 43. Rb7 Rgc1 44. Rd2 Kg6 45. Rb5 R1c2 46. Rxc2 Rxc2+ 47. Kf3 Rc3+ 48. Kf4 Rc4+ 49. Kg3 c5 50. f4 Rc3+ 51. Kh4 Rc4 52. Rb6+ Kh7 53. f5 Rc1 54. Rc6 c4 55. Rc7 Kg8 56. Kh5 Kf8 57. Kg6 c3 58. Rxg7 Rg1 59. Rf7+ Ke8 60. Rc7 Rxg4+ 61. Kxh6 c2 62. Rxc2 Kf7 63. Kh5 Rg1 64. Rc6 Rg2 65. Ra6 Rg1 66. Kh4 Rg2 67. Kh3 Rg5 68. f6 Rg6 69. Kh4 Rxf6 70. Rxf6+ Kxf6 1/2-1/2


[Site "https://www.chess.com"]

[Event "Titled Tuesday Blitz March 14 Late 2023"]
[White "ArchibaldCerveza29"]
[Black "Chor, Kevin"]
[BlackFideId "2090740"]
[WhiteElo "2497"]
[BlackElo "2602"]
[Result "0-1"]
[Round "09"]
[TimeControl "180+2"]
[Date "2023.03.14"]
[WhiteClock "0:00:24"]
[BlackClock "0:00:06"]

1. e4 c5 2. Nf3 Nc6 3. d4 cxd4 4. Nxd4 g6 5. Nc3 Bg7 6. Be3 Nf6 7. f3 O-O 8. Bc4 Qb6 9. Bb3 Nxe4 10. fxe4 Nxd4 11. O-O e5 12. Nd5 Qd8 13. Qd2 d6 14. Bg5 Nxb3 15. axb3 f6 16. Be3 Be6 17. Rxa7 Rxa7 18. Bxa7 f5 19. Bb6 Qh4 20. exf5 Bxf5 21. Ne3 Qe7 22. b4 Be4 23. Rxf8+ Qxf8 24. Bc7 d5 25. Nxd5 Qf7 26. c4 b5 27. b3 Kh8 28. Bb6 h5 29. Qf2 Bxd5 30. cxd5 Qxd5 31. Qf3 e4 32. Qe3 Kh7 33. Bc5 Qd1+ 34. Kf2 Qc2+ 35. Kg3 Be5+ 36. Kh3 Qd3 37. g3 Qf1+ 38. Kh4 Bf6+ 39. Qg5 Bxg5+ 40. Kxg5 Qf5+ 41. Kh4 Qg4# 0-1


[Site "https://www.chess.com"]

[Event "Titled Tuesday Blitz March 14 Late 2023"]
[White "Womacka, Mathias"]
[Black "Ambartsumova, Karina"]
[WhiteFideId "4611390"]
[BlackFideId "4166299"]
[WhiteElo "2377"]
[BlackElo "2300"]
[Result "0-1"]
[Round "09"]
[TimeControl "180+2"]
[Date "2023.03.14"]
[WhiteClock "0:00:10"]
[BlackClock "0:00:11"]

1. e4 c5 2. Nf3 e6 3. d4 cxd4 4. Nxd4 a6 5. Bd3 Bc5 6. Nb3 Ba7 7. Qg4 Nf6 8. Qg3 d6 9. Nc3 Nc6 10. Bg5 O-O 11. O-O-O Kh8 12. f4 Qb6 13. Kb1 Ng8 14. Rhf1 Qc7 15. f5 f6 16. Bc1 Ne5 17. fxe6 Bxe6 18. Nd4 Qf7 19. Nxe6 Qxe6 20. Nd5 Rac8 21. Be2 b5 22. Qh4 Ne7 23. Ne3 N7g6 24. Qe1 Bxe3 25. Bxe3 Nc4 26. Bd4 Qxe4 27. Bf3 Qxe1 28. Rfxe1 Nge5 29. Bb7 Rc7 30. Bxa6 Rb8 31. Bxe5 dxe5 32. b3 Na3+ 33. Kb2 Nxc2 34. Rc1 Nxe1 35. Rxc7 Nxg2 36. Bxb5 h5 37. a4 e4 38. Kc3 e3 39. Kd3 f5 40. Rf7 Rd8+ 41. Ke2 Rd2+ 42. Kf3 Rf2+ 43. Kg3 f4+ 44. Kh3 f3 45. Rf8+ Kh7 46. Bd3+ Kh6 47. Rf7 e2 48. Re7 e1=Q 49. Rxe1 Nxe1 50. Bc4 Nc2 51. a5 Nb4 52. a6 Ra2 53. Kg3 Nxa6 54. Kxf3 Nb4 55. Kf4 g5+ 56. Ke5 Rxh2 57. Kd6 g4 58. Kc5 Nc2 59. b4 Nxb4 60. Kxb4 g3 0-1


[Site "https://www.chess.com"]

[Event "Titled Tuesday Blitz March 14 Late 2023"]
[White "Rangel, Daniel"]
[Black "Kurtz, Eric M"]
[WhiteFideId "2124475"]
[BlackFideId "30939763"]
[WhiteElo "2256"]
[BlackElo "2576"]
[Result "0-1"]
[Round "09"]
[TimeControl "180+2"]
[Date "2023.03.14"]
[WhiteClock "0:00:05"]
[BlackClock "0:00:12"]

1. c4 c5 2. g3 g6 3. Bg2 Bg7 4. Nc3 e6 5. e3 Ne7 6. Nge2 Nbc6 7. d3 O-O 8. O-O d6 9. b3 b6 10. Bb2 Bb7 11. d4 cxd4 12. Nxd4 Nxd4 13. Bxb7 Rb8 14. Bg2 Ndf5 15. Qd2 h5 16. Rad1 a6 17. Ne4 Bxb2 18. Qxb2 e5 19. Rd3 Qc7 20. Rfd1 Rbd8 21. Qa3 Nc8 22. Bh3 a5 23. Bxf5 gxf5 24. Nxd6 Nxd6 25. Rxd6 Qe7 26. c5 bxc5 27. Qxc5 Rfe8 28. Rxd8 Qxc5 29. Rxe8+ Kg7 30. Red8 h4 31. R8d5 Qc3 32. Kg2 Kg6 33. R1d3 Qc1 34. gxh4 Qc6 35. e4 f6 36. f3 fxe4 37. fxe4 Qc2+ 38. Kg3 Qxa2 39. Rd6 Qb1 40. Rf3 Qg1+ 41. Kh3 Kg7 42. Rdxf6 Qb1 43. R6f5 Qxe4 44. Rg3+ Kh7 45. Rfg5 Kh6 46. Rg6+ Kh7 47. Rg7+ Kh8 48. Rg8+ Kh7 49. R3g7+ Kh6 50. Rg6+ Kh7 51. R8g7+ Kh8 52. Rg8+ Kh7 53. Rg4 Qf3+ 54. Rg3 Qf1+ 55. Rg2 Qf5+ 56. R8g4 e4 57. Rg3 Qf1+ 58. Rg2 e3 59. Kg3 e2 60. Rxe2 Qxe2 61. Kh3 Qf3+ 62. Rg3 Qf5+ 63. Kg2 Qc2+ 64. Kh3 Kh6 65. Kg4 Qc8+ 66. Kf3 Qb7+ 67. Kf4 Qb8+ 68. Kf3 Kh5 69. Ke4 Qb4+ 70. Kd5 Kxh4 71. Rd3 Qb7+ 72. Kc4 Kh5 73. h3 Qb4+ 74. Kd5 Kh4 75. Ke5 Kh5 76. Kd5 Qb5+ 77. Ke4 Kh6 78. Ke3 Qg5+ 79. Ke2 Qg2+ 80. Kd1 Qf1+ 81. Kc2 Kg5 82. Kc3 Kf6 83. Kc4 Ke5 84. Kc3 Ke4 85. Rd4+ Ke3 86. Rc4 Qxh3 87. Kb2 Qh5 88. Ka3 Qe5 89. Ka4 Kd3 90. Rc8 Qa1+ 91. Kb5 Qa3 92. Ka6 Qb4 93. Rd8+ Ke4 94. Rh8 Kf5 95. Rh4 Qxh4 0-1


[Site "https://www.chess.com"]

[Event "Titled Tuesday Blitz March 14 Late 2023"]
[White "Hajiyev, Kanan"]
[Black "Ismagilov, Damir"]
[WhiteFideId "13404148"]
[BlackFideId "34199982"]
[WhiteElo "2103"]
[BlackElo "2078"]
[Result "0-1"]
[Round "09"]
[TimeControl "180+2"]
[Date "2023.03.14"]
[WhiteClock "0:00:42"]
[BlackClock "0:02:03"]

1. d4 Nf6 2. Nf3 d5 3. c4 e6 4. cxd5 exd5 5. Nc3 c6 6. Qc2 Bd6 7. Bg5 h6 8. Bxf6 Qxf6 9. Nxd5 Qd8 10. Nc3 O-O 11. e3 Nd7 12. Bd3 Nf6 13. h3 Qe7 14. O-O Bd7 15. e4 Nh5 16. e5 Bc7 17. Nd5 cxd5 18. Qxc7 Nf4 19. Bf5 Rad8 20. Qxb7 Rfe8 21. Bxd7 Rxd7 22. Qb3 Qe6 23. Qe3 g5 24. h4 Qg4 25. hxg5 Qxg2# 0-1


[Site "https://www.chess.com"]

[Event "Titled Tuesday Blitz March 14 Late 2023"]
[White "Blanco Acevedo, Cristobal Jose"]
[Black "Karttunen, Mika"]
[WhiteFideId "3900525"]
[BlackFideId "502081"]
[WhiteElo "2278"]
[BlackElo "2396"]
[Result "1/2-1/2"]
[Round "09"]
[TimeControl "180+2"]
[Date "2023.03.14"]
[WhiteClock "0:00:18"]
[BlackClock "0:00:06"]

1. e4 e5 2. Nf3 Nc6 3. d4 exd4 4. Nxd4 Nf6 5. Nxc6 bxc6 6. Bd3 d6 7. h3 g6 8. O-O Bg7 9. Bg5 O-O 10. Nc3 Rb8 11. Rb1 Qe8 12. f4 Nd7 13. f5 Qe5 14. Kh1 h6 15. Bf4 Qc5 16. fxg6 fxg6 17. Na4 Qh5 18. Be2 Qh4 19. Qd2 Ne5 20. Bh2 Be6 21. b3 Qxe4 22. Rbe1 Rxf1+ 23. Bxf1 Qh4 24. c4 Rf8 25. Nc3 Kh7 26. Ne2 Qf2 27. Rd1 Bf5 28. Bg3 Qb6 29. Nd4 c5 30. Nxf5 Rxf5 31. Be2 Qc6 32. Bxe5 Bxe5 33. Bf3 Rxf3 34. gxf3 Qxf3+ 35. Kg1 Bd4+ 36. Kh2 Be5+ 37. Kg1 Bd4+ 38. Kh2 Bf2 39. Qd3 Be3 40. Qf1 Bf4+ 41. Kg1 Be3+ 42. Kh2 Bf4+ 43. Kg1 Be3+ 44. Kh2 1/2-1/2


[Site "https://www.chess.com"]

[Event "Titled Tuesday Blitz March 14 Late 2023"]
[White "Goncalves, Davi Sulzbacher"]
[Black "Estrada Nieto, Julian"]
[WhiteFideId "2154510"]
[BlackFideId "5101018"]
[WhiteElo "2182"]
[BlackElo "2176"]
[Result "0-1"]
[Round "09"]
[TimeControl "180+2"]
[Date "2023.03.14"]
[WhiteClock "0:00:03"]
[BlackClock "0:00:13"]

1. Nf3 d5 2. c4 d4 3. e3 Nc6 4. exd4 Nxd4 5. Nxd4 Qxd4 6. Na3 c6 7. Nc2 Qd8 8. d4 g6 9. Be3 Bg7 10. Be2 Nf6 11. h4 h5 12. f3 O-O 13. Qd2 b5 14. b3 bxc4 15. bxc4 Rb8 16. O-O Bf5 17. Rab1 Bxc2 18. Qxc2 Qd6 19. Qd2 Nd7 20. Rfd1 Qa3 21. Bf4 Rxb1 22. Rxb1 e5 23. Be3 exd4 24. Bxd4 Qd6 25. Be3 Qe7 26. Rb7 Re8 27. Qxd7 Qxe3+ 28. Kh1 Qc1+ 29. Bd1 Rf8 30. Rxa7 Qf4 31. Kg1 Bd4+ 32. Kf1 Qe3 0-1


[Site "https://www.chess.com"]